 Seeded DCSS version 0.30-a0-457-g4b7bca3bfa (webtiles) character file.

Game seed: 649435868727254857 (custom seed)

20 valliere the Ruffian (level 2, 28/28 HPs)
             Began as a Troll Gladiator on Dec 12, 2022.
             Quit the game on level 1 of the Dungeon.
             The game lasted 00:00:32 (147 turns).

valliere the Ruffian (Troll Gladiator)               Turns: 147, Time: 00:00:33

Health: 28/28      AC:  4    Str: 21    XL:     2   Next: 58%
Magic:  1/1        EV: 10    Int:  4    God:
Gold:   26         SH:  0    Dex: 11    Spells: 1/1 levels left

rFire   . . .      SeeInvis .      - Unarmed
rCold   . . .      Faith    .    (no shield)
rNeg    . . .      Spirit   .    a - +0 robe
rPois   .          Reflect  .    b - +0 hat
rElec   .          Harm     .    (no cloak)
rCorr   .          Rampage  .    (gloves unavailable)
Will    .....                    (boots unavailable)
Stlth   +.........               (no amulet)
HPRegen 1.04/turn                (no ring)
MPRegen 0.07/turn                (no ring)

@: no status effects
A: large, unfitting armour, claws 3, regeneration 1, shaggy fur 1, tough skin 1
a: no special abilities


You were on level 1 of the Dungeon.
You visited 1 branch of the dungeon, and saw 1 of its levels.

You collected 26 gold pieces.

Inventory:

Missiles
 c - 3 throwing nets (quivered)
 d - a large rock
Armour
 a - a +0 robe (worn)
 b - a +0 hat (worn)
Scrolls
 f - a scroll of acquirement
 g - a scroll of identify {unknown}
Potions
 e - a potion of haste {unknown}


   Skills:
 + Level 1.8 Fighting
 + Level 2.0 Throwing
 + Level 2.6 Dodging
 * Level 3.4 Unarmed Combat


You had one spell level left.
You didn't know any spells.
Your spell library was empty.

Dungeon Overview and Level Annotations

Branches:
Dungeon (1/15)

Altars:

Shops:
D:1 !


Innate Abilities, Weirdness & Mutations

You are too large for most types of armour.
You have claws for hands.
Your natural rate of healing is unusually fast.
You are covered in fur. (AC +1)
You have tough skin. (AC +1)


Message History

You scratch the kobold.
You kill the kobold!
Things that are here:
a +0 dagger; 5 stones; a kobold corpse A goblin comes into view.
It is wielding a +0 dagger.
Found a scroll labelled ARYIZOO SIAHI.
The goblin shouts!
A goblin is nearby!
Found 4 javelins.
A quokka comes into view.
You see here a scroll labelled PYWKOO YVAOCIGE.
There are monsters nearby!
You barely miss the goblin. The goblin closely misses you.
There are monsters nearby!
You scratch the goblin.
You kill the goblin!
A quokka is nearby!
You see here a +0 dagger.
A quokka is nearby!
The quokka closely misses you.
A quokka is nearby!
You scratch the quokka.
The quokka is almost dead.
The quokka bites you.
A quokka is nearby!
You claw the quokka!
You kill the quokka!
You see here a +0 dagger.
f - a scroll labelled PYWKOO YVAOCIGE No target in view!
You see here a +0 dagger.
You see here a quokka corpse.
g - a scroll labelled ARYIZOO SIAHI Key pressed, stopping explore.
No target in view!
Key pressed, stopping explore.
No target in view!
An endoplasm comes into view.
This is a scroll of acquirement!
Are you sure you want to abandon this character and quit the game? (Confirm with "yes".)

#### #...# #### ..#.#
#..# ###.##########..#
................###
####).########..@.####.J.
##..## #..##........
##†.#####..####......
##..##..............
##....##.###.###...
#........(........ ##
..######..###.####
........# ###.###...


There were no monsters in sight!

Vanquished Creatures
  A gnoll (D:1)
  2 endoplasms (D:1)
  2 goblins (D:1)
  A kobold (D:1)
  2 quokkas (D:1)
  A bat (D:1)
  A rat (D:1)
10 creatures vanquished.

Notes
Turn   | Place    | Note
-------+----------+-------------------------------------------
     0 | D:1      | valliere the Troll Gladiator began the quest for the Orb.
     0 | D:1      | Reached XP level 1. HP: 19/19 MP: 0/0
    51 | D:1      | Reached XP level 2. HP: 28/28 MP: 1/1
    75 | D:1      | Found Xanyeqarr's Distillery.
   147 | D:1      | Identified a scroll of acquirement
   147 | D:1      | Quit the game

Illustrated notes

Levels and vault maps discovered:
D:1:      eino_arrival_water_star, layout_rooms, serial_shops, shop

Skill      XL: |  1  2 |
---------------+-------+-----
Throwing       | 2 |  2.0
Fighting       | |  1.8
Dodging        | |  2.6
Unarmed Combat | |  3.4

Action                   || total
-------------------------++-------
Melee: Unarmed           ||    20
       Punch             ||     1
Armor: Robe              ||     6
Dodge: Dodged            ||     7

Table legend: (Time is in decaauts)
 A = Elapsed time spent in this place.
 B = Non-inter-level travel time spent in this place.
 C = Inter-level travel time spent in this place.
 D = Time resting spent in this place.
 E = Time spent auto-exploring this place.
 F = Levels seen in this place.
 G = Mean time per level.
                   A        B        C        D        E       F      G
               +--------+--------+--------+--------+--------+-----+--------+
         Total |    145 |    145 |      0 |      0 |     93 |   1 |  145.0 |
       Dungeon |    145 |    145 |      0 |      0 |     93 |   1 |  145.0 |
               +--------+--------+--------+--------+--------+-----+--------+

Top non-repeatable levels by time:
     D:1: 145 daAuts
